AoeStats
← 哩來

Arena

507978020Analyzed
1v1 RM · 13d ago on Sep 20, 2026· 44m 57s· 2 players
Game mode
Random Map
Map size
Tiny (2 player)
Population
200
Speed
Normal
Resources
Standard
Victory
Conquest
Starting age
Dark Age
Ending age
Imperial Age
RankedLock teamsTeams togetherTeam positionsShared explorationLock speedFull tech treeHidden civsTurbo modeCheats
Victory
Defeat
🇹🇼 Burgundians · Taiwan
988
+16
🇦🇺 Britons · Australia
989
-16
哩來
7:05 Double-Bit Axe
8:27 Horse Collar
11:49 Feudal Age
15:46 Castle Age
14:45 Bow Saw
14:45 Heavy Plow
14:39 Stone Mining
14:50 Gold Mining
15:07 Loom
19:22 Two-Man Saw
20:22 Wheelbarrow
23:18 Crop Rotation
23:37 Stone Shaft Mining
24:25 Gold Shaft Mining
24:32 Hand Cart
24:10 Town Watch
25:49 Burgundian Vineyards
25:59 Husbandry
26:32 Town Patrol
29:04 Scale Barding Armor
29:09 Forging
28:38 Cavalier
30:14 Padded Archer Armor
30:42 Chain Barding Armor
30:13 Fletching
29:55 Elite Skirmisher
31:54 Iron Casting
34:04 Imperial Age
33:10 Bodkin Arrow
34:49 Ballistics
34:48 Leather Archer Armor
37:25 Conscription
37:45 Hoardings
38:30 Chemistry
37:54 Bracer
38:30 Plate Barding Armor
38:55 Blast Furnace
39:25 Paladin
43:57 Masonry
Flux
5:00 Loom
11:12 Feudal Age
12:34 Double-Bit Axe
12:34 Horse Collar
15:54 Castle Age
15:27 Fletching
22:28 Bodkin Arrow
28:19 Imperial Age
28:12 Padded Archer Armor
29:56 Ballistics
30:56 Chemistry
31:42 Bow Saw
32:10 Yeomen
32:22 Conscription
33:14 Bracer
33:30 Leather Archer Armor
36:27 Light Cavalry
37:41 Ring Archer Armor
37:17 Scale Barding Armor
39:09 Wheelbarrow
38:21 Town Watch
44:22 Forging
Connection lost

Rejoining the realm…

Still unreachable

The connection could not be restored.

Session expired

The server has moved on; the page needs a fresh start.